 Dungeon Crawl Stone Soup version 0.27-a0-760-gc38aae387d (webtiles) character file.

Game seed: 8160732116638109023

61 polve the Chopper (level 4, 0/58 HPs)
             Began as a Hill Orc Berserker on Mar 24, 2021.
             Was a Follower of Trog.
             Succumbed to an adder's poison
             ... on level 2 of the Dungeon.
             The game lasted 00:00:56 (2065 turns).

polve the Chopper (Hill Orc Berserker)              Turns: 2065, Time: 00:00:56

Health: 0/58       AC:  2    Str: 19    XL:     4   Next: 7%
Magic:  4/4        EV: 12    Int:  7    God:    Trog [*.....]
Gold:   24         SH:  0    Dex: 11    Spells: 3/3 levels left

rFire    . . .     SeeInvis .   a - +0 hand axe
rCold    . . .     Faith    .   (no shield)
rNeg     . . .     Spirit   .   b - +0 animal skin
rPois    .         Reflect  .   (no helmet)
rElec    .         Harm     .   (no cloak)
rCorr    .         Rampage  .   (no gloves)
Will     .....                  (no boots)
Stlth    ..........             (no amulet)
HPRegen  0.19/turn              (no ring)
MPRegen  0.09/turn              (no ring)

@: berserking, lethally poisoned (0 -> -4), very quick
A: no striking features
a: Renounce Religion, Berserk


You were on level 2 of the Dungeon.
You worshipped Trog.
Trog was aware of your devotion.
You visited 1 branch of the dungeon, and saw 2 of its levels.

You collected 24 gold pieces.

Inventory:

Hand Weapons
 a - a +0 hand axe (weapon)
Armour
 b - a +0 animal skin (worn)
 d - a +0 pair of gloves
Jewellery
 g - a ring of willpower
Scrolls
 c - a scroll of magic mapping {unknown}
 e - a scroll of noise {unknown}
 f - 3 scrolls of enchant weapon {unknown}
Potions
 h - a potion of curing {unknown}


   Skills:
 - Level 3.6 Fighting
 + Level 6.4 Axes
 - Level 2.1 Armour
 - Level 1.5 Dodging


You had 3 spell levels left.
You didn't know any spells.
Your spell library was empty.

Dungeon Overview and Level Annotations

Branches:
Dungeon (2/15)

Altars:
Okawaru
Xom

Shops:
D:1 [


Message History

The adder is heavily wounded.
You closely miss the adder.
You feel sick. The adder closely misses you.
You closely miss the adder.
The adder is heavily wounded.
You hit the adder.
You kill the adder!
Trog accepts your kill.
You feel sick. The adder bites you.
You are more poisoned.
The adder poisons you!
Your Axes skill increases to level 6!
You closely miss the adder.
The adder is heavily wounded.
You feel very sick. The adder bites you.
* * * LOW HITPOINT WARNING * * *
You closely miss the adder.
The adder is heavily wounded.
You feel sick. The adder bites you but does no damage.
You miss the adder.
The adder is heavily wounded.
You feel sick. The adder bites you.
* * * LOW HITPOINT WARNING * * *
You miss the adder.
The adder is heavily wounded.
The adder bites you.
* * * LOW HITPOINT WARNING * * *
You barely miss the adder.
The adder is heavily wounded.
You hit the bat.
You feel the power of Trog in you as your rage grows.
You kill the bat!
Trog accepts your kill.
* * * LOW HITPOINT WARNING * * *
You feel sick.
You slash the adder!
You kill the adder!
Trog accepts your kill.
You have reached level 4!
You die...

#........# .. ###
#....###.# #.....##....#
#.# _#.##.....###
#.########
#....##...(.###.........
.............##.........
..............#.........
.......†....#...........
.......@................
...........#####........
>#...##....# #........
.... ..###.# ##.######
### #. #.# ##.# #. .#
#.)# #. .# #.## ## ...#
#####


There were no monsters in sight!

Vanquished Creatures
  3 adders (D:2)
  2 dart slugs (D:1)
  2 ball pythons (D:1)
  3 bats
  4 endoplasms
  2 giant cockroaches (D:1)
  5 goblins (D:1)
  2 quokkas (D:1)
  2 frilled lizards (D:1)
  A rat (D:1)
26 creatures vanquished.

Notes
Turn   | Place    | Note
-------+----------+-------------------------------------------
     0 | D:1      | polve the Hill Orc Berserker began the quest for the Orb.
     0 | D:1      | Reached XP level 1. HP: 19/19 MP: 1/1
    11 | D:1      | Found a shimmering altar of Xom.
   528 | D:1      | Reached XP level 2. HP: 10/26 MP: 2/2
   859 | D:1      | Reached skill level 5 in Axes
  1312 | D:1      | Reached XP level 3. HP: 18/31 MP: 3/3
  1606 | D:1      | Found Temior's Antique Armour Shoppe.
  2059 | D:2      | Reached skill level 6 in Axes
  2062 | D:2      | HP: 2/46 [adder (1)]
  2065 | D:2      | Reached XP level 4. HP: 1/39 MP: 4/4
  2065 | D:2      | Found an iron altar of Okawaru.
  2065 | D:2      | Succumbed to an adder's poison

Illustrated notes

Levels and vault maps discovered:
D:1:      scummos_arrival_simple_fountains, layout_loops_ring, serial_shops,
          nicolae_shop_waterfront, xom_teletrap_fun
D:2:      layout_rooms, okawaru_metal_pillars_1_2

Skill      XL: |  1  2  3 |
---------------+----------+-----
Axes           | 5 6 |  6.4
Fighting       | |  3.6
Armour         | |  2.1
Dodging        | |  1.5

Action                   |  1- 3 |  4- 6 || total
-------------------------+-------+-------++-------
Melee: Hand axe          |   110 |       ||   110
Invok: Berserk           |     1 |       ||     1
Armor: Animal skin       |    21 |       ||    21
Dodge: Dodged            |    63 |       ||    63

Table legend: (Time is in decaauts)
 A = Elapsed time spent in this place.
 B = Non-inter-level travel time spent in this place.
 C = Inter-level travel time spent in this place.
 D = Time resting spent in this place.
 E = Time spent auto-exploring this place.
 F = Levels seen in this place.
 G = Mean time per level.
                   A        B        C        D        E       F      G
               +--------+--------+--------+--------+--------+-----+--------+
         Total |   2066 |   2016 |     50 |      0 |   1817 |   2 | 1033.0 |
       Dungeon |   2066 |   2016 |     50 |      0 |   1817 |   2 | 1033.0 |
               +--------+--------+--------+--------+--------+-----+--------+

Top non-repeatable levels by time:
     D:1: 1949 daAuts
     D:2: 117 daAuts
